[Event "44th Chess Olympiad Open 2022"]
[Site "Chennai"]
[Date "2022.08.05"]
[Round "7.7"]
[White "Nogerbek, Kazybek"]
[Black "Iturrizaga Bonelli, Eduardo"]
[Result "1/2-1/2"]
[ECO "E36"]
[WhiteElo "2437"]
[BlackElo "2619"]
[Annotator "TA"]
[PlyCount "61"]
[EventDate "2022.07.29"]
[EventType "team-tourn"]
[EventCountry "IND"]
[SourceTitle "playchess.com"]
[Source "ChessBase"]
[SourceQuality "1"]
[WhiteTeam "Kazakhstan"]
[BlackTeam "Spain"]
[WhiteTeamCountry "KAZ"]
[BlackTeamCountry "ESP"]
[TimeControl "40/5400+30:1800+30"]

1. d4 Nf6 2. c4 e6 3. Nc3 Bb4 4. Qc2 d5 5. a3 Bxc3+ 6. Qxc3 O-O 7. Nf3 dxc4 8. Qxc4 b6 $1 9. Bg5 {[%emt 0:00:00] E36: Nimzo-Indian: Classical: 4...d5 5 a3.} Ba6 10. Qa4 h6 $1 {[%emt 0:13:28][%mdl 4] outshines the older 10...c5.} 11. Bxf6 {[%emt 0:04:05] White has an edge.} Qxf6 12. g3 Bb7 13. Bg2 Rd8 14. O-O Nd7 {[%emt 0:00:13] [#]} 15. Ne5 $146 {[%emt 0:07:15] The position is equal.} (15. Rfd1 {keeps more tension.} Bd5 16. Nd2 Bxg2 17. Kxg2 c5 18. Nf3) ({Predecessor:} 15. Rfd1 c5 16. Ne5 Bxg2 17. Nxd7 Qe7 18. dxc5 Bd5 19. c6 Rac8 20. Rac1 f5 21. Ne5 {1-0 (55) Parkhov,Y (2443)-Samadov,R (2332) Chess.com INT 2021}) 15... Bxg2 16. Nxd7 Rxd7 17. Qxd7 Bxf1 18. Rxf1 $11 {[%emt 0:00:08][%mdl 4096] Endgame KQR-KQR} Rd8 19. Qxc7 Qxd4 20. e3 Qd2 21. Qxa7 Qxb2 22. a4 g6 23. a5 bxa5 24. Qxa5 Rd2 25. Qa8+ Kg7 26. Qf3 h5 27. h4 Qf6 28. Qxf6+ Kxf6 29. Kg2 Ra2 30. Rb1 Rc2 31. Ra1 {[%emt 0:00:04] A balanced but interesting game.  Weighted Error Value: White=0.02 (flawless) /Black=0.02 (flawless)} 1/2-1/2

[Event "44th Chess Olympiad Open 2022"]
[Site "Chennai"]
[Date "2022.08.05"]
[Round "7.8"]
[White "Mamedyarov, Shakhriyar"]
[Black "Boruchovsky, Avital"]
[Result "1/2-1/2"]
[ECO "D32"]
[WhiteElo "2759"]
[BlackElo "2551"]
[Annotator "TA"]
[PlyCount "60"]
[EventDate "2022.07.29"]
[EventType "team-tourn"]
[EventCountry "IND"]
[SourceTitle "playchess.com"]
[Source "ChessBase"]
[SourceQuality "1"]
[WhiteTeam "Azerbaijan"]
[BlackTeam "Israel"]
[WhiteTeamCountry "AZE"]
[BlackTeamCountry "ISR"]
[TimeControl "40/5400+30:1800+30"]

1. d4 d5 2. c4 e6 3. Nc3 c5 4. cxd5 cxd4 5. Qa4+ Bd7 6. Qxd4 exd5 7. Qxd5 Nf6 8. Qd1 Bc5 9. e3 O-O 10. Nf3 Qe7 11. Be2 Rd8 12. O-O Nc6 13. a3 Rac8 {[%emt 0:00:42] D32: Tarrasch Defence: Sidelines and lines without g3.} 14. Qc2 Bd6 $1 {[%emt 0:00:48][%mdl 4] is more profitable than 14...Bg4 at the moment.} 15. Rd1 Ne5 {[%emt 0:00:34] [#] White has an edge.} 16. Nd4 $146 ({Predecessor:} 16. Bd2 Nxf3+ 17. Bxf3 Qe5 18. g3 Bg4 19. Bxg4 Nxg4 20. Be1 Qh5 21. h4 g5 22. Qf5 {1-0 (35) Yang,K (2481)-Steinberg,N (2542) Chess.com INT 2022}) 16... Neg4 17. g3 (17. Bxg4 $5 Nxg4 18. h3 Bh2+ 19. Kf1 $11 (19. Kh1 Bd6 $14)) 17... Rc5 {[%emt 0:19:09] Against Nf5} (17... Bc5 $1 $11) 18. e4 Rh5 19. Bxg4 Nxg4 20. Nd5 {[%emt 0:06:57] Pair of Knights!} Qe8 21. h4 {[%emt 0:03:53] White is more active.} Rc8 22. Qe2 (22. Nc3 $14) 22... Re5 (22... Bc5 $1 $11) 23. f3 $14 {[%emt 0:01:50] And now Bf4 would win.} Ba4 $1 {[%emt 0:10:14] [#] Strongly threatening ...Rxd5.} 24. Bf4 ({And not} 24. fxg4 Bxd1 25. Qxd1 Bc5 $17) ({Better is} 24. b3 $1 $14 Rxd5 25. exd5 (25. bxa4 Rxd4 26. Rxd4 Bc5 $11) 25... Qxe2 26. Nxe2 Bxb3 27. Rd2) 24... Bxd1 {[%emt 0:04:16] The position is equal.} 25. Rxd1 Rxd5 26. exd5 Bxf4 27. gxf4 Qe3+ 28. Qxe3 ({Not} 28. Kg2 $2 Qxe2+ 29. Nxe2 Ne3+ 30. Kg3 Nxd1 $19) 28... Nxe3 29. Rd2 Nxd5 30. Nf5 g6 {[%emt 0:00:08] Weighted Error Value: White=0.10 (very precise) /Black=0.09 (flawless)} 1/2-1/2

[Event "44th Chess Olympiad Open 2022"]
[Site "Chennai"]
[Date "2022.08.05"]
[Round "7.8"]
[White "Durarbayli, Vasif"]
[Black "Rodshtein, Maxim"]
[Result "1-0"]
[ECO "C65"]
[WhiteElo "2638"]
[BlackElo "2596"]
[Annotator "TA"]
[PlyCount "47"]
[EventDate "2022.07.29"]
[EventType "team-tourn"]
[EventCountry "IND"]
[SourceTitle "playchess.com"]
[Source "ChessBase"]
[SourceQuality "1"]
[WhiteTeam "Azerbaijan"]
[BlackTeam "Israel"]
[WhiteTeamCountry "AZE"]
[BlackTeamCountry "ISR"]
[TimeControl "40/5400+30:1800+30"]

1. e4 e5 2. Nf3 Nc6 3. Bb5 Nf6 4. d3 Bc5 5. c3 O-O 6. O-O {[%emt 0:00:21] C65: Ruy Lopez: Berlin Defence (3...Nf6), unusual lines and 4 0-0 Bc5.} d5 7. exd5 Qxd5 8. Bc4 {[%emt 0:00:03] The position is equal.} Qd8 9. b4 Be7 10. Nbd2 Bf5 11. Qc2 a6 12. a4 {[%emt 0:02:06] Prevents b5.} Nd5 13. Ne4 Bg4 {[%emt 0:03:33] [#]} 14. Qa2 $5 $146 {[%emt 0:00:33][%mdl 8] An interesting novelty.} ({Predecessor:} 14. a5 Bxf3 15. gxf3 Qd7 16. Bd2 Rad8 17. Qb3 Nf4 18. Bxf4 exf4 19. d4 Qh3 20. Rfe1 Qxf3 {½-½ (42) Chigaev,M (2639)-Sadhwani,R (2609) Riga 2021}) 14... Nb6 15. Bb3 Bxf3 16. gxf3 Qd7 17. a5 $36 {[%emt 0:06:02][%mdl 2048] Black is under pressure.} Nc8 18. Qe2 Nd6 19. Kh1 Nb5 20. Bb2 (20. Rg1 $5 ) 20... Rad8 21. Rad1 Kh8 22. Rg1 {[%emt 0:04:46][%cal Od3d4] White wants to play d4!} h6 $2 (22... Qf5 $11 {and Black has nothing to worry.}) 23. f4 $18 exf4 $2 {[%emt 0:09:05] [#]} (23... f5) 24. Qh5 $1 {[%emt 0:02:35] Weighted Error Value: White=0.06 (flawless) /Black=0.46} 1-0

[Event "44th Chess Olympiad Open 2022"]
[Site "Chennai"]
[Date "2022.08.05"]
[Round "7.8"]
[White "Smirin, Ilia"]
[Black "Guseinov, Gadir"]
[Result "0-1"]
[ECO "B67"]
[WhiteElo "2601"]
[BlackElo "2668"]
[Annotator "TA"]
[PlyCount "90"]
[EventDate "2022.07.29"]
[EventType "team-tourn"]
[EventCountry "IND"]
[SourceTitle "playchess.com"]
[Source "ChessBase"]
[SourceQuality "1"]
[WhiteTeam "Israel"]
[BlackTeam "Azerbaijan"]
[WhiteTeamCountry "ISR"]
[BlackTeamCountry "AZE"]
[TimeControl "40/5400+30:1800+30"]

1. e4 c5 2. Nf3 d6 3. d4 cxd4 4. Nxd4 Nf6 5. Nc3 Nc6 6. Bg5 e6 7. Qd2 a6 8. O-O-O Bd7 9. f3 Nxd4 10. Qxd4 Be7 11. h4 Qc7 $1 {[%emt 0:00:37] The main line 11...Qc7 scores better than 11...b5. B67: Sicilian: Richter-Rauzer: 7...a6 8 0-0-0 Bd7, lines without 9 f4 Be7.} 12. h5 {[%emt 0:05:47] And now h6 would win.} h6 13. Bh4 b5 {[%emt 0:00:46][%cal Bb7b5,Bb5b4][%mdl 32] [#] The position is equal.} 14. Qd2 $146 ({Predecessor:} 14. Kb1 Rb8 15. g4 b4 16. Ne2 a5 17. Ng3 a4 18. Bc4 Bb5 19. Bxb5+ Rxb5 20. f4 {½-½ (33) Bernadskiy,V (2636)-Vokhidov,S (2536) Tashkent 2022}) 14... b4 15. Ne2 a5 16. Kb1 Rb8 17. g4 a4 18. b3 (18. Bxf6 $11 Bxf6 19. Qxd6 Qxd6 20. Rxd6) 18... a3 (18... O-O $17) 19. Bg3 e5 20. Bh4 Nh7 21. c4 bxc3 22. Qxc3 Qb6 {[%emt 0:04:42] Threatening ...Bxh4.} 23. Qd2 $2 {[%emt 0:11:01] [#] Loses the game.} (23. Bxe7 $11 Kxe7 24. Qc1) 23... Bxh4 $1 $19 24. Rxh4 O-O {[%emt 0:00:04] White must now prevent ...Ng5.} (24... Ng5 25. Bg2 $17) 25. Nc3 ({Don't blunder} 25. Qxd6 $2 Qf2 26. Rh1 (26. Qxa3 $2 Rbd8 $19) (26. Qxe5 $2 Qxh4 27. Qg3 Qf6 $19) 26... Qxf3 $19) 25... Be6 {[%emt 0:00:26][%cal Oe6b3] Hoping for ...Bxb3!} 26. Rh2 Ng5 27. Qxd6 {[%emt 0:06:08] [#]} (27. Qd3 $142) 27... Bxb3 $1 28. Qxb6 Bxd1 29. Rb2 Rxb6 30. Rxb6 Bxf3 31. Bd3 Bxg4 {[%emt 0:00:38] Black is clearly winning.} 32. Ra6 Bxh5 33. Rxa3 Bf3 34. Ra5 f6 35. Nd5 Kh7 36. Ra7 Bxe4 37. Kc2 Bxd3+ 38. Kxd3 {[%emt 0:00:05][%mdl 4096] Endgame KRN-KRN} Rd8 39. Kc4 f5 40. Re7 Nf3 41. Nf6+ Kg6 42. Ne8 h5 43. Rxg7+ Kh6 44. Re7 h4 {[%emt 0:00:34] Threatens to win with ...h3.} 45. Re6+ Kg5 {[%emt 0:00:24] Weighted Error Value: White=0.45/Black=0.06 (flawless)} 0-1

[Event "44th Chess Olympiad Open 2022"]
[Site "Chennai"]
[Date "2022.08.05"]
[Round "7.8"]
[White "Postny, Evgeny"]
[Black "Abasov, Nijat"]
[Result "1/2-1/2"]
[ECO "A28"]
[WhiteElo "2564"]
[BlackElo "2633"]
[Annotator "ChessBase"]
[PlyCount "160"]
[EventDate "2022.07.29"]
[EventType "team-tourn"]
[EventCountry "IND"]
[SourceTitle "playchess.com"]
[Source "ChessBase"]
[SourceQuality "1"]
[WhiteTeam "Israel"]
[BlackTeam "Azerbaijan"]
[WhiteTeamCountry "ISR"]
[BlackTeamCountry "AZE"]
[TimeControl "40/5400+30:1800+30"]

1. c4 e5 2. Nc3 Nf6 3. Nf3 Nc6 4. e4 Bb4 5. d3 d6 6. a3 Bc5 7. b4 Bb6 8. Na4 Bg4 9. Nxb6 axb6 10. Bb2 Nd4 11. Bxd4 Bxf3 12. Qxf3 exd4 13. Be2 Qd7 14. O-O O-O 15. Qf4 Ra7 16. Qd2 Rfa8 17. Qb2 c5 18. b5 Re8 19. Qd2 Rea8 20. Qc1 Re8 21. Bd1 d5 22. exd5 Qd6 23. Qd2 Kf8 24. g3 h6 25. Re1 Rxe1+ 26. Qxe1 Ra8 27. a4 Nd7 28. Qd2 Ra5 29. Bg4 Ne5 30. Qf4 g5 31. Qf5 Nxg4 32. Qc8+ Kg7 33. Qxg4 Ra8 34. h4 Qg6 35. hxg5 hxg5 36. Qe4 Qh6 37. Qe5+ Kg6 38. Qe4+ Kg7 39. Re1 Rh8 40. Qe5+ Kg6 41. Qe4+ Kg7 42. Kf1 Qh1+ 43. Ke2 Qxe4+ 44. dxe4 Kf6 45. Kd3 Ke5 46. f4+ gxf4 47. gxf4+ Kxf4 48. Rf1+ Ke5 49. Rf5+ Kd6 50. Rxf7 Rh3+ 51. Kd2 Rh2+ 52. Kd3 Rh3+ 53. Ke2 Rh2+ 54. Kf3 d3 55. Ke3 Rh3+ 56. Kd2 Ke5 57. Kc3 d2+ 58. Kxd2 Kxe4 59. Rxb7 Rh6 60. Rg7 Rh2+ 61. Kc3 Rh3+ 62. Kd2 Rh2+ 63. Ke1 Kd3 64. Rg4 Kc3 65. Rf4 Kb4 66. d6 Rh6 67. d7 Re6+ 68. Kf2 Rd6 69. Rf7 Kxa4 70. Ke3 Rd4 71. Rf6 Ka5 72. Rf7 Kb4 73. Rf6 Rxd7 74. Rxb6 Kxc4 75. Rb8 Kb3 76. b6 c4 77. Rc8 c3 78. Rc7 Rd6 79. b7 Rb6 80. Kd3 Kb2 1/2-1/2

[Event "44th Chess Olympiad Open 2022"]
[Site "Chennai"]
[Date "2022.08.05"]
[Round "7.9"]
[White "Volokitin, Andrei"]
[Black "Theodorou, Nikolas"]
[Result "0-1"]
[ECO "B30"]
[WhiteElo "2674"]
[BlackElo "2575"]
[Annotator "TA"]
[PlyCount "82"]
[EventDate "2022.07.29"]
[EventType "team-tourn"]
[EventCountry "IND"]
[SourceTitle "playchess.com"]
[Source "ChessBase"]
[SourceQuality "1"]
[WhiteTeam "Ukraine"]
[BlackTeam "Greece"]
[WhiteTeamCountry "UKR"]
[BlackTeamCountry "GRE"]
[TimeControl "40/5400+30:1800+30"]

1. e4 c5 2. Nf3 Nc6 3. Bb5 e6 4. Bxc6 bxc6 5. d3 Qc7 6. O-O Ne7 {[%emt 0:00:05] 6...d6 is not played anymore.} 7. h4 {[%emt 0:01:23] B30: Sicilian: 2...Nc6 3 Bb5, lines without ...g6.} d6 8. h5 h6 {[%emt 0:00:05] [#]} 9. Nbd2 $146 {[%emt 0:07:22] The position is equal.} ({Predecessor:} 9. Nh2 g5 10. hxg6 Nxg6 11. f4 Rg8 12. Qh5 Qe7 13. Nf3 Qf6 14. Qh2 d5 15. Nc3 {½-½ (51) Motylev,A (2641)-Ivic,V (2581) Tornelo INT 2021}) 9... g5 10. e5 dxe5 11. Re1 Bg7 12. Nc4 Ba6 13. Nfxe5 {[%emt 0:00:23] Pair of Knights!} Rd8 14. Bd2 Rd5 15. Ba5 Qb8 16. Bc3 {[%emt 0:06:20][%cal Oe5c6] Threatens to win with Nxc6!} O-O 17. Qg4 Bxc4 18. Nxc4 Bxc3 19. bxc3 Rf5 20. Rab1 Qc7 21. Qg3 Rf4 $1 22. Qe3 Rf5 $1 ({Less strong is} 22... Rh4 23. g3 Nd5 24. Qxc5 Rxh5 25. Rb3 $16) 23. Qg3 Rf4 $1 24. Qe3 Rf5 ({Resist} 24... Rh4 25. g3 Nd5 26. Qxc5 Rxh5 27. Rb3 $16) 25. Rb3 Rd8 26. Reb1 {[%emt 0:14:58] Rb7 is the strong threat.} Nd5 27. Qd2 ({Wrong is} 27. Qxc5 $2 Nxc3 $1 28. Qe3 Nxb1 29. Rxb1 Rb5 $19) 27... Qe7 28. Ne3 Nxe3 29. Qxe3 Qf6 30. c4 Rd4 {[%emt 0:02:02] And now ...Rh4 would win.} 31. Rb8+ Kg7 32. g3 {[%emt 0:00:28] Prevents Rh4.} Re5 33. Qd2 g4 {[%emt 0:00:08] aiming for ...Qf3.} 34. Re1 Rxh5 {[%emt 0:01:22] ( -> ...Qf3)} 35. Qe2 {[%emt 0:00:11][%mdl 8192] [#] Now White is beyond hope.} (35. Qe3 $11 {and White is okay.}) 35... Rf4 $3 $19 36. Rf1 (36. gxf4 Qxf4) 36... Re5 {[%emt 0:13:19] Really sharp!} 37. Qd2 Rf3 38. Re1 $2 (38. Qc3) 38... Ref5 39. Re2 {[%emt 0:00:30] [#]} Rxg3+ $3 {[%emt 0:09:41][%mdl 512] Black mates.} 40. fxg3 Rf1+ 41. Kh2 Qa1 {[%emt 0:30:04] Weighted Error Value: White=0.75/Black=0.03 (flawless)} 0-1

[Event "44th Chess Olympiad Open 2022"]
[Site "Chennai"]
[Date "2022.08.05"]
[Round "7.9"]
[White "Shevchenko, Kirill"]
[Black "Ioannidis, Evgenios"]
[Result "1-0"]
[ECO "D31"]
[WhiteElo "2654"]
[BlackElo "2459"]
[Annotator "TA"]
[PlyCount "93"]
[EventDate "2022.07.29"]
[EventType "team-tourn"]
[EventCountry "IND"]
[SourceTitle "playchess.com"]
[Source "ChessBase"]
[SourceQuality "1"]
[WhiteTeam "Ukraine"]
[BlackTeam "Greece"]
[WhiteTeamCountry "UKR"]
[BlackTeamCountry "GRE"]
[TimeControl "40/5400+30:1800+30"]

1. c4 e6 2. Nc3 d5 3. d4 a6 4. cxd5 exd5 5. Bf4 Nf6 6. e3 {[%emt 0:00:05] D31: Queen's Gambit Declined: Semi-Slav without ...Nf6 (+ Marshall Gambit and Noteboom) and Exchange Variation lines without ...Nf6.} Bd6 7. Bg5 Be6 8. Bd3 {[%emt 0:01:55] White has an edge.} Nbd7 9. f4 {[%emt 0:01:55][%cal Bf2f4,Bf4g5][%mdl 32] Black must now prevent f5.} h6 10. Bh4 g5 11. fxg5 Ng4 (11... hxg5 $14 12. Bxg5 Rxh2 13. Rxh2 Bxh2) 12. Nf3 $16 Be7 (12... Nxe3 $2 13. Qe2 hxg5 14. Bxg5 (14. Qxe3 gxh4 15. O-O Qe7 $11) 14... Nxg2+ 15. Qxg2 $18) 13. Qe2 hxg5 14. Bg3 {[%emt 0:03:25] [#]} c5 $146 (14... Nb6 $16 {was worth a try.}) ({Predecessor:} 14... Nh6 15. O-O-O c6 16. e4 dxe4 17. Bxe4 g4 18. Ne5 Nb6 19. Kb1 Nd5 20. Nxd5 cxd5 {1-0 (33) Xu,Y (2562)-Batsiashvili,N (2433) Changsha 2019}) 15. O-O (15. e4 $18 Ndf6 16. exd5 Nxd5 17. Nxd5 Qxd5 18. Be4) 15... c4 {[%emt 0:10:45] [#]} (15... Qb6 $16) 16. Bxc4 $1 $18 dxc4 {[%emt 0:00:15] [#]} 17. d5 $1 Nc5 (17... Ndf6 {keeps fighting.}) 18. dxe6 Nxe6 (18... Qd3 19. exf7+ Kf8) 19. Rad1 (19. h3 Nxe3 20. Rfe1 (20. Qxe3 $2 Bc5 $19) 20... O-O $11) 19... Qa5 20. Nd4 Nf6 21. Nxe6 fxe6 22. Qxc4 Qb6 23. Rf3 (23. h4 $142 {Threatens to win with Qd3.} gxh4 {[#]} 24. Rd6 $3 (24. Bxh4 Qxe3+ 25. Rf2 Bc5 $11) (24. Bc7 Qc6 $14) 24... Qxe3+ 25. Bf2) 23... Qc6 24. Qxc6+ bxc6 25. Rd4 Nd5 26. Rc4 Rc8 27. Na4 c5 28. Be5 Rh5 29. Bg3 Rc6 30. e4 Nb6 31. Nxb6 {[%emt 0:00:04] White is more active.} Rxb6 32. b3 g4 33. Rf4 Rd6 34. Rf1 {[%emt 0:00:54] Prevents Rd1.} (34. Ra4 $18) 34... Rd4 35. e5 Kd7 ({Black should try} 35... a5) 36. Rf4 ({Better is} 36. Rxd4+ $16 cxd4 37. Rf4) 36... Rd1+ $11 37. Rf1 (37. Kf2 $11) 37... Rd4 $16 38. Rxd4+ cxd4 {[%emt 0:00:04][%mdl 4096] Endgame KRB-KRB} 39. Rf4 Kc6 40. Bf2 (40. Rxd4 $2 Bc5 41. Bf2 Bxd4 42. Bxd4 Kd5 $19) (40. Rxg4 $142 {Bf2 is the strong threat.} Rg5 41. Rxg5 (41. Rxd4 Bc5 $15) 41... Bxg5 42. Kf2) 40... g3 {[%emt 0:03:09] This move loses the game for Black.} (40... d3 $16 {was necessary.} 41. Rc4+ (41. Rd4 Rxe5 42. Rxd3 Re2 $16) 41... Kb7) 41. hxg3 $18 ({Don't play} 41. Bxd4 $6 Rxh2 42. Rf3 Rh4 $16) 41... Rxe5 42. Rxd4 ({Much less strong is} 42. Bxd4 Ra5 $16) 42... Re2 43. Rc4+ Kb7 44. Ra4 Bd8 45. Kf1 Rc2 46. Rb4+ Ka8 47. Rc4 {[%emt 0:00:30] Weighted Error Value: White=0.24 (precise) /Black=0.27 (precise)} 1-0

[Event "44th Chess Olympiad Open 2022"]
[Site "Chennai"]
[Date "2022.08.05"]
[Round "7.9"]
[White "Mastrovasilis, Dimitrios"]
[Black "Korobov, Anton"]
[Result "1/2-1/2"]
[ECO "B84"]
[WhiteElo "2599"]
[BlackElo "2692"]
[Annotator "TA"]
[PlyCount "119"]
[EventDate "2022.07.29"]
[EventType "team-tourn"]
[EventCountry "IND"]
[SourceTitle "playchess.com"]
[Source "ChessBase"]
[SourceQuality "1"]
[WhiteTeam "Greece"]
[BlackTeam "Ukraine"]
[WhiteTeamCountry "GRE"]
[BlackTeamCountry "UKR"]
[TimeControl "40/5400+30:1800+30"]

1. e4 c5 2. Nf3 d6 3. d4 cxd4 4. Nxd4 Nf6 5. Nc3 a6 6. Be3 Nbd7 7. Be2 e6 8. g4 h6 $1 {[%emt 0:00:22] B84: Sicilian Scheveningen: 6 Be2 a6, lines without early Be3.} 9. f4 g5 10. f5 {[%emt 0:00:27] Strongly threatening h4.} (10. fxg5 {is interesting.} hxg5 11. Bxg5 b5 12. Bf3) 10... Ne5 11. fxe6 fxe6 12. Nf3 {[%emt 0:00:49] [#]} Bd7 $146 ({Predecessor:} 12... Nfd7 13. Nxe5 Nxe5 14. Qd4 Bd7 15. O-O-O Be7 16. Kb1 Qa5 17. a3 O-O-O 18. Rhf1 Qc5 {1-0 (114) Salgado Lopez,I (2626)-Huschenbeth,N (2521) Chennai 2011}) 13. Nxe5 dxe5 14. Qd3 Qc7 15. h4 Rg8 16. hxg5 hxg5 17. O-O-O O-O-O 18. a3 Bc5 19. Bxc5 Qxc5 20. Qd6 (20. Qg3 $16) 20... Qxd6 $11 21. Rxd6 Rdf8 22. Rd3 Bc6 23. Rh6 Kc7 ({Don't do} 23... Nxe4 24. Nxe4 Bxe4 25. Re3 $16) (23... Rh8 $11 24. Rdh3 Rxh6 25. Rxh6 Kd7) 24. Rf3 $1 $14 Nd7 25. Rxe6 {[%emt 0:00:42] White is more active.} Rf4 (25... Rxf3 $16 26. Bxf3 Rf8) 26. Nd5+ $1 $18 Bxd5 27. exd5 Rh8 28. d6+ Kd8 29. b4 Rh1+ 30. Kb2 {[%emt 0:00:46] Threatens to win with Rc3.} Nb6 (30... Re1 $142) 31. Rxf4 exf4 {[%emt 0:00:08][%mdl 4096] Endgame [#] KRB-KRN} 32. Bd3 $1 Nd5 $2 (32... Na4+ {was called for.} 33. Kb3 b5) 33. Be4 Rd1 {[%emt 0:00:02] [#]} 34. c4 Nb6 (34... Ne3 $142 35. c5 (35. Bxb7 Nxc4+ 36. Kc2 Rxd6 $16) 35... Re1) 35. c5 Re1 36. Bf5 ({Less strong is} 36. cxb6 Kd7 $16) 36... Nc4+ 37. Kc3 Rxe6 (37... Ne3 $142 38. Rf6 Nd5+ 39. Kd2 Nxf6 40. Kxe1 Nd7) 38. Bxe6 Nxa3 {[%emt 0:00:05] KB-KN} 39. Bd5 Kc8 40. Kd3 Nb5 41. d7+ $2 (41. Bh1 $18 Na7 42. Ke4) 41... Kxd7 $11 {[%emt 0:00:26] The position is equal.} 42. Bxb7 Nc7 43. Ke4 Ke6 44. Bc8+ Kf6 45. Bb7 Ke6 46. Bc6 Kf6 $1 47. Ba4 f3 48. Bd1 f2 49. Be2 Ke6 50. Bc4+ Kf6 51. Bf1 Ke6 52. Kd4 Nd5 53. Bc4 f1=Q 54. Bxf1 {[%emt 0:00:05] Threatening mate with Bc4.} Nxb4 55. Bc4+ Kd7 56. Ke5 Kc6 57. Kf5 Kxc5 58. Bb3 Nd3 59. Kxg5 Nf2 60. Kf5 {[%emt 0:00:48] Blacks defense is rewarded with a draw.  Weighted Error Value: White=0.19 (very precise) /Black=0.18 (very precise)} 1/2-1/2

[Event "44th Chess Olympiad Open 2022"]
[Site "Chennai"]
[Date "2022.08.05"]
[Round "7.9"]
[White "Banikas, Hristos"]
[Black "Kuzubov, Yuriy"]
[Result "1/2-1/2"]
[ECO "D30"]
[WhiteElo "2598"]
[BlackElo "2642"]
[Annotator "TA"]
[PlyCount "79"]
[EventDate "2022.07.29"]
[EventType "team-tourn"]
[EventCountry "IND"]
[SourceTitle "playchess.com"]
[Source "ChessBase"]
[SourceQuality "1"]
[WhiteTeam "Greece"]
[BlackTeam "Ukraine"]
[WhiteTeamCountry "GRE"]
[BlackTeamCountry "UKR"]
[TimeControl "40/5400+30:1800+30"]

1. d4 d5 2. c4 e6 3. Nf3 a6 4. Bg5 Be7 5. Bxe7 Qxe7 6. Nbd2 {[%emt 0:00:39] D30: Queen's Gambit Declined: Systems without Nc3.} Nf6 7. g3 O-O 8. Bg2 c5 9. cxd5 {[%emt 0:03:50] [#]} Nxd5 $146 ({Predecessor:} 9... exd5 10. dxc5 Qxc5 11. O-O Nc6 12. Nb3 Qb6 13. Qc1 Re8 14. e3 Ne4 15. Rd1 Bg4 {0-1 (22) Yuffa,D (2582)-Heberla,B (2534) Warsaw 2019}) 10. dxc5 Qxc5 11. Rc1 Qe7 12. Ne5 Nd7 13. Nd3 N5f6 14. O-O e5 15. Qb3 e4 16. Nf4 Re8 17. Rc3 (17. e3 {seems wilder.} Rb8 18. Rc7 Qe5 19. Qc3) 17... Nc5 18. Qc2 Ne6 19. Nxe4 Nxf4 20. gxf4 Bf5 21. Nxf6+ Qxf6 22. e4 Bd7 23. f5 Bc6 24. Rd1 Rad8 25. Rxd8 Rxd8 26. Rd3 Rxd3 27. Qxd3 $11 {[%emt 0:00:04][%mdl 4096] Endgame KQB-KQB} g6 28. fxg6 hxg6 29. Qd2 Qe5 30. a3 g5 (30... Bxe4 $2 31. Qe3 $18) ({Black should play} 30... Kh7 $11) 31. f3 $14 a5 32. Bh3 f6 33. Kg2 Kf8 34. Bf5 Ke7 35. Kh3 Qc5 36. Kg2 Qe5 $1 37. Kh3 Qc5 $1 38. Kg2 Qe5 $1 39. Kh3 Qc5 $1 40. Kg2 {[%emt 0:00:53] Weighted Error Value: White=0.11 (very precise) /Black=0.05 (flawless)} (40. Kg3 $14) 1/2-1/2

[Event "44th Chess Olympiad Open 2022"]
[Site "Chennai"]
[Date "2022.08.05"]
[Round "7.10"]
[White "McShane, Luke J"]
[Black "Fier, Alexandr"]
[Result "0-1"]
[ECO "B31"]
[WhiteElo "2649"]
[BlackElo "2567"]
[Annotator "TA"]
[PlyCount "100"]
[EventDate "2022.07.29"]
[EventType "team-tourn"]
[EventCountry "IND"]
[SourceTitle "playchess.com"]
[Source "ChessBase"]
[SourceQuality "1"]
[WhiteTeam "England"]
[BlackTeam "Brazil"]
[WhiteTeamCountry "ENG"]
[BlackTeamCountry "BRA"]
[TimeControl "40/5400+30:1800+30"]

1. e4 c5 2. Nf3 Nc6 3. Bb5 g6 4. Bxc6 bxc6 5. d4 Bg7 6. dxc5 {[%emt 0:00:17] B31: Sicilian: 2...Nc6 3 Bb5 g6.} Qa5+ 7. Nbd2 Qxc5 8. O-O {[%emt 0:00:51] The position is equal.} Nf6 {[%emt 0:00:04] [#]} 9. Re1 $146 ({Predecessor:} 9. Nb3 Qd6 10. e5 Qxd1 11. Rxd1 Nd5 12. c4 Nc7 13. Be3 f6 14. exf6 Bxf6 15. Rd2 {½-½ (54) Moussard,J (2651)-Aryan,C (2609) Sharjah 2022}) 9... Ng4 {[%emt 0:03:51] Prevents e5.} 10. Qe2 Qxc2 11. e5 $1 {[%emt 0:00:42] Prevents d6.} h5 12. h3 {[%emt 0:06:54][%mdl 1024] White has compensation.} Nh6 13. Nd4 $1 Qa4 14. Qe4 Rb8 15. Ne6 Qxe4 16. Nxg7+ {[%emt 0:00:04] Pair of Knights!} Kf8 17. Ne6+ dxe6 18. Nxe4 Nf5 19. b3 Rb5 20. Ba3 Rd5 21. Rac1 Ra5 22. Bc5 ({Of course not} 22. Rxc6 Bb7 23. Rc7 Bxe4 $11) 22... Rxa2 23. g4 hxg4 24. hxg4 Nh4 {[%emt 0:00:02] And now ...Nf3+ would win.} 25. Re3 {[%emt 0:15:33] Prevents Nf3+.} g5 26. Rd1 Ng6 $1 27. Nxg5 Kg7 28. Rf3 $1 Nxe5 29. Bd4 $132 {[%emt 0:00:09][%mdl 2048] Black must now prevent Rxf7+. White is not holding back} f6 30. Bxe5 fxe5 31. Ne4 ({White should play} 31. Kg2 $11) 31... Re2 (31... c5 $15 32. Kg2 Rc2) 32. Ng3 (32. Re3 $1 $11 {remains equal.} Rxe3 33. fxe3) 32... Rc2 33. Re1 (33. Ra1 $15) 33... Rh4 $17 34. Rxe5 Rxg4 35. Kh2 Rh4+ ({Black should try} 35... c5 $17 {...Rh4+ is the strong threat.} 36. Nh5+ Kg8) 36. Kg1 (36. Kg2 $11 {was the only way to keep the balance.} Rg4 37. Kh3) 36... Rc1+ 37. Kg2 {[%emt 0:00:04] [#] Strongly threatening Rg5+.} Rg4 {[%emt 0:06:04] Inhibits Rg5+.} 38. Rfe3 c5 39. Kh3 Rg6 40. Re1 Rxe1 41. Rxe1 {[%emt 0:30:03][%mdl 4096] Endgame KRB-KRN} Rh6+ 42. Kg2 Rh4 43. Ne4 $2 {[%emt 0:00:00][%mdl 8192] [#] Now White is beyond hope.} (43. f3 $17) 43... Rxe4 $1 $19 44. Rxe4 {[%emt 0:00:00] KR-KB} (44. Rc1 Bb7) 44... Bb7 {[%emt 0:00:00] Black mates.} 45. Kf3 Kf7 46. Kf4 Bxe4 47. Kxe4 Ke8 48. Ke5 Kd7 49. f3 a6 50. f4 a5 {[%emt 0:00:00] Weighted Error Value: White=0.42/Black=0.11 (very precise)} 0-1